 Dungeon Crawl Stone Soup version 0.23.2-33-g5129a83184 (webtiles) character file.

Game seed: 16341671284626984035

67 AarnesTheHuman the Shield-Bearer (level 4, -1/37 HPs)
             Began as a Formicid Fighter on Aug 6, 2019.
             Was an Initiate of Qazlal.
             Slain by a gnoll
             ... wielding a +0 club
              (3 damage)
             ... on level 2 of the Dungeon.
             The game lasted 00:02:41 (1298 turns).

AarnesTheHuman the Shield-Bearer (Formicid Fighter) Turns: 1298, Time: 00:02:42

Health: -1/37      AC:  7    Str: 22    XL:     4   Next: 40%
Magic:  4/4        EV:  8    Int:  7    God:    Qazlal [......]
Gold:   16         SH:  9    Dex: 10    Spells: 3/3 levels left

rFire    . . .     SeeInvis +   l - -2 spear (curse)
rCold    . . .     Gourm    .   c - +0 shield
rNeg     . . .     Faith    .   b - +0 scale mail
rPois    .         Spirit   .   (helmet unavailable)
rElec    .         Reflect  .   (no cloak)
rCorr    .         Harm     .   (no gloves)
MR       .....                  (no boots)
Stlth    ..........             (no amulet)
HPRegen  0.12/turn              (no ring)
MPRegen  0.09/turn              (no ring)

@: no status effects
A: permanent stasis, dig shafts and tunnels, four strong arms, antennae 3
a: Dig, Shaft Self, Renounce Religion


You were on level 2 of the Dungeon.
You worshipped Qazlal.
Qazlal was noncommittal.
You were not hungry.

You visited 1 branch of the dungeon, and saw 2 of its levels.

You collected 16 gold pieces.

Inventory:

Hand Weapons
 a - a +0 long sword
 l - a cursed -2 spear (weapon)
Armour
 b - a +0 scale mail (worn)
 c - a +0 shield (worn)
Scrolls
 e - a scroll of immolation
Potions
 d - a potion of might
 g - a potion of haste {unknown}
 i - a potion of heal wounds {unknown}
 j - 2 potions of brilliance {unknown}
 k - a potion of lignification {unknown}
Comestibles
 f - 6 rations
 h - 5 chunks of flesh


   Skills:
 + Level 3.9 Fighting
 + Level 2.8 Long Blades
 + Level 3.9 Armour
 + Level 4.2 Shields


You had 3 spell levels left.
You didn't know any spells.
Your spell library was empty.

Dungeon Overview and Level Annotations

Branches:
Dungeon (2/15)

Altars:
Qazlal


Innate Abilities, Weirdness & Mutations

You cannot be hasted, slowed, berserked, paralysed or teleported.
You can dig through walls and to a lower floor.
Your four strong arms can wield two-handed weapons with a shield.
You have a pair of large antennae on your head. (SInv)


Message History

Qazlal accepts your kill. The gnoll hits you but does no damage.
The gnoll hits you.
* * * LOW HITPOINT WARNING * * *
You closely miss the gnoll. The gnoll hits you but does no damage.
You block the gnoll's attack.
You hit the gnoll.
The gnoll is lightly wounded.
You block the gnoll's attack. The gnoll completely misses you.
You puncture the gnoll!
The gnoll is almost dead.
The gnoll hits you from afar with a +0 spear.
* * * LOW HITPOINT WARNING * * *
The gnoll hits you but does no damage. You block the gnoll's attack.
The gnoll hits you from afar with a +0 spear.
* * * LOW HITPOINT WARNING * * *
You hit the gnoll.
You kill the gnoll!
Qazlal accepts your kill. The gnoll hits you with a +0 club.
You die...

########## .........#
###.####.# #######
##...###.#####......
#....÷##.........#
##..#####......#.###.#
##.#.........gg.....#
#.#.###.###..#@#####
#.#.#...###.g#.#
##'#.#....##..#<#
#.....÷._............
#.....##....#.##.####.
......###÷..#.#....
......# #.###.#....#
........... ..#......
..........#### .#..


You could see 2 gnolls.

Vanquished Creatures
  A gnoll (D:2)
  2 adders (D:2)
  5 dart slugs
  A worm (D:1)
  2 leopard geckos (D:2)
  A giant cockroach (D:1)
  3 goblins (D:1)
  A hobgoblin (D:1)
  3 bats
  2 frilled lizards (D:2)
  2 kobolds
  8 rats
31 creatures vanquished.

Notes
Turn   | Place    | Note
-------+----------+-------------------------------------------
     0 | D:1      | AarnesTheHuman the Formicid Fighter began the quest for the
                  | Orb.
     0 | D:1      | Reached XP level 1. HP: 18/18 MP: 1/1
    41 | D:1      | Reached XP level 2. HP: 15/24 MP: 2/2
   638 | D:1      | Reached skill level 4 in Shields
   638 | D:1      | Reached XP level 3. HP: 3/29 MP: 3/3
  1179 | D:2      | Reached XP level 4. HP: 30/37 MP: 4/4
  1239 | D:2      | Found a stormy altar of Qazlal.
  1263 | D:2      | Became a worshipper of Qazlal Stormbringer
  1298 | D:2      | Slain by a gnoll

Skill      XL: |  1  2 |
---------------+-------+-----
Shields        | 4 |  4.2
Fighting       | |  3.9
Long Blades    | |  2.8
Armour         | |  3.9

Action                   |  1- 3 |  4- 6 || total
-------------------------+-------+-------++-------
Melee: Long sword        |    70 |       ||    70
       Spear             |    13 |    35 ||    48
  Use: Scroll            |     2 |       ||     2
  Eat: Chunk             |     1 |       ||     1
Armor: Scale mail        |    34 |    13 ||    47
Dodge: Dodged            |    20 |     7 ||    27
Block: Shield            |    46 |    20 ||    66
       Rpst.: Long sword |     8 |       ||     8
